General information
- name: BNet
- type: Ladder 1vs1/FFA
- host: Battle.net
- saver: Boogaloo_Shrimp
map: CentaurGrove
- players: 2
- length: 147:59
- speed: Fast
- version: 1.26 W3XP
- replay type: Public
» download(337 KB)
Players
team 1 (loser)
lightwell (
orange | 13 APM | 1900 actions | 147:58)
4 Demon Hunter
2 Immolation
2 Evasion
» actions
| Assign group hotkey | 9 | |
| Basic commands | 70 | |
| Build / train | 171 | |
| Enter build submenu | 119 | |
| Enter hero's abilities submenu | 4 | |
| Remove unit from queue | 9 | |
| Right click | 465 | |
| Select / deselect | 774 | |
| Select group hotkey | 19 | |
| Use ability | 259 | |
1900 total
» units
| Wisp | 108 | |
| Hippogryph | 9 | |
| Chimaera | 5 | |
| Dryad | 6 | |
| Glaive Thrower | 6 | |
| Mountain Giant | 8 | |
142 total
» upgrades
| Reinforced Hides | 3 | |
| Strength of the Wild | 3 | |
| Well Spring | 1 | |
| Ultravision | 1 | |
| Corrosive Breath | 1 | |
| Strength of the Moon | 1 | |
| Hardened Skin | 1 | |
| Resistant Skin | 1 | |
| Nature's Blessing | 1 | |
13 total
» buildings
| Altar of Elders | 2 | |
| Moon Well | 10 | |
| Hunter's Hall | 2 | |
| Ancient Protector | 85 | |
| Tree of Ages | 1 | |
| Ancient of Wind | 1 | |
| Tree of Eternity | 1 | |
| Chimaera Roost | 2 | |
| Ancient of Wonders | 1 | |
| Ancient of Lore | 2 | |
| Tree of Life | 4 | |
| Ancient of War | 1 | |
112 total
» build order
00:11 Altar of Elders
00:14 Moon Well
01:20 Hunter's Hall
01:52 Moon Well
02:34 Ancient Protector
02:42 Ancient Protector
02:52 Ancient Protector
03:50 Ancient Protector
03:52 Tree of Ages
03:58 Ancient Protector
04:23 Ancient Protector
05:09 Ancient Protector
05:21 Moon Well
06:32 Moon Well
08:28 Ancient of Wind
08:38 Moon Well
09:10 Tree of Eternity
09:48 Moon Well
10:46 Ancient Protector
12:02 Chimaera Roost
12:07 Chimaera Roost
12:23 Ancient of Wonders
18:23 Moon Well
20:16 Ancient of Lore
25:21 Tree of Life
34:35 Ancient of War
42:53 Tree of Life
51:10 Tree of Life
52:54 Ancient Protector
58:22 Tree of Life
59:36 Ancient Protector
59:40 Ancient Protector
59:44 Ancient Protector
59:49 Ancient Protector
59:52 Ancient Protector
59:56 Ancient Protector
60:29 Ancient Protector
60:43 Ancient Protector
60:48 Ancient Protector
61:08 Ancient Protector
61:19 Ancient Protector
61:39 Ancient Protector
61:45 Ancient Protector
62:15 Ancient Protector
62:23 Ancient Protector
64:41 Ancient Protector
64:52 Ancient Protector
64:57 Ancient Protector
65:05 Ancient Protector
65:34 Ancient Protector
65:53 Ancient Protector
66:31 Ancient Protector
66:51 Ancient Protector
67:03 Ancient Protector
67:11 Ancient Protector
67:17 Ancient Protector
67:22 Ancient Protector
67:28 Ancient Protector
69:05 Ancient Protector
69:34 Ancient Protector
69:43 Ancient Protector
69:49 Ancient Protector
70:17 Ancient Protector
99:29 Altar of Elders
99:34 Moon Well
99:48 Hunter's Hall
101:50 Ancient of Lore
103:38 Moon Well
104:18 Ancient Protector
104:26 Ancient Protector
104:31 Ancient Protector
104:37 Ancient Protector
104:43 Ancient Protector
104:50 Ancient Protector
104:58 Moon Well
105:18 Ancient Protector
105:25 Ancient Protector
106:08 Ancient Protector
106:28 Ancient Protector
106:35 Ancient Protector
108:39 Ancient Protector
108:57 Ancient Protector
109:08 Ancient Protector
109:24 Ancient Protector
109:47 Ancient Protector
109:52 Ancient Protector
110:05 Ancient Protector
112:51 Ancient Protector
112:57 Ancient Protector
113:03 Ancient Protector
113:18 Ancient Protector
113:27 Ancient Protector
113:34 Ancient Protector
115:14 Ancient Protector
116:05 Ancient Protector
116:11 Ancient Protector
116:17 Ancient Protector
116:24 Ancient Protector
117:16 Ancient Protector
117:23 Ancient Protector
117:32 Ancient Protector
117:38 Ancient Protector
117:49 Ancient Protector
117:53 Ancient Protector
117:58 Ancient Protector
118:07 Ancient Protector
118:14 Ancient Protector
119:47 Ancient Protector
119:53 Ancient Protector
120:38 Ancient Protector
120:49 Ancient Protector
121:46 Ancient Protector
team 2 (winner)
Boogaloo_Shrimp (
teal | 42 APM | 6256 actions | 147:59)
6 Blademaster
2 Wind Walk
3 Critical Strike
1 Bladestorm
6 Dark Ranger
3 Life Drain
2 Silence
1 Charm
9 Goblin Tinker
3 Pocket Factory
3 Engineering Upgrade
1 Robo-Goblin
2 Cluster Rockets
» actions
| Assign group hotkey | 115 | |
| Basic commands | 274 | |
| Build / train | 247 | |
| ESC pressed | 10 | |
| Enter build submenu | 180 | |
| Enter hero's abilities submenu | 21 | |
| Give item / drop item | 29 | |
| Remove unit from queue | 9 | |
| Right click | 2735 | |
| Select / deselect | 1509 | |
| Select group hotkey | 595 | |
| Use ability | 532 | |
6256 total
» units
| Peon | 46 | |
| Wind Rider | 8 | |
| Troll Witch Doctor | 6 | |
| Goblin Shredder | 4 | |
| Troll Batrider | 8 | |
| Shaman | 1 | |
| Demolisher | 1 | |
| Goblin Zeppelin | 3 | |
| Goblin Sapper | 4 | |
| Wisp | 28 | |
| Grunt | 9 | |
| Troll Headhunter/Berserker | 4 | |
| Druid of the Claw | 4 | |
| Raider | 3 | |
| Kodo Beast | 3 | |
| Spirit Walker | 1 | |
| Dryad | 2 | |
| Tauren | 1 | |
| Chimaera | 1 | |
137 total
» upgrades
| Ranged Weapons | 3 | |
| Witch Doctor Training | 2 | |
| Armor | 3 | |
| Envenomed Spears | 1 | |
| Reinforced Defenses | 1 | |
| Melee Weapons | 3 | |
| Troll Regeneration | 1 | |
| Shaman Training | 2 | |
| Liquid Fire | 1 | |
| Spiked Barricades | 3 | |
| Berserker Strength | 1 | |
| Nature's Blessing | 1 | |
| Pillage | 1 | |
| Berserker Upgrade | 1 | |
| Moon Armor | 2 | |
| Druid of the Claw Training | 3 | |
| Reinforced Hides | 3 | |
| Hardened Skin | 1 | |
| Resistant Skin | 1 | |
| Mark of the Claw | 1 | |
| Well Spring | 1 | |
| Abolish Magic | 1 | |
| Strength of the Wild | 1 | |
| Hippogryph Taming | 1 | |
| Druid of the Talon Training | 1 | |
| Corrosive Breath | 1 | |
41 total
» buildings
| Altar of Storms | 1 | |
| Orc Burrow | 9 | |
| War Mill | 2 | |
| Voodoo Lounge | 4 | |
| Stronghold | 3 | |
| Watch Tower | 116 | |
| Beastiary | 4 | |
| Spirit Lodge | 1 | |
| Fortress | 1 | |
| Great Hall | 4 | |
| Barracks | 6 | |
| Tree of Life | 4 | |
| Altar of Elders | 1 | |
| Tree of Ages | 1 | |
| Moon Well | 8 | |
| Hunter's Hall | 1 | |
| Tree of Eternity | 1 | |
| Ancient of Lore | 14 | |
| Ancient of Wonders | 1 | |
| Tauren Totem | 13 | |
| Ancient of Wind | 1 | |
| Chimaera Roost | 13 | |
| Ancient of War | 9 | |
218 total
» build order
00:05 Altar of Storms
00:39 Orc Burrow
00:46 War Mill
01:09 Voodoo Lounge
01:41 Orc Burrow
02:44 Stronghold
02:45 Stronghold
03:45 Watch Tower
03:46 Watch Tower
05:10 Beastiary
05:12 Beastiary
05:16 Orc Burrow
07:26 Orc Burrow
08:34 Spirit Lodge
09:02 Fortress
10:14 Watch Tower
10:15 Watch Tower
12:07 Watch Tower
12:08 Watch Tower
12:09 Watch Tower
12:11 Watch Tower
12:12 Watch Tower
13:58 Great Hall
14:15 Watch Tower
14:16 Watch Tower
14:17 Watch Tower
14:18 Watch Tower
14:19 Watch Tower
14:22 Watch Tower
14:22 Watch Tower
14:27 Watch Tower
14:28 Watch Tower
14:36 Orc Burrow
14:51 Beastiary
20:18 Watch Tower
20:19 Watch Tower
20:20 Watch Tower
20:21 Watch Tower
20:22 Watch Tower
22:25 Great Hall
22:28 Watch Tower
22:29 Watch Tower
22:30 Watch Tower
22:31 Watch Tower
22:32 Watch Tower
22:34 Watch Tower
22:35 Watch Tower
23:33 Barracks
23:51 Beastiary
24:29 Voodoo Lounge
24:41 Voodoo Lounge
24:43 Watch Tower
24:43 Watch Tower
27:19 Watch Tower
27:19 Watch Tower
27:20 Watch Tower
27:20 Watch Tower
27:23 Watch Tower
27:27 Watch Tower
30:47 Watch Tower
30:47 Watch Tower
30:58 Watch Tower
31:06 Watch Tower
31:09 Watch Tower
31:11 Watch Tower
31:53 Watch Tower
34:21 Watch Tower
34:22 Watch Tower
34:26 Watch Tower
34:54 Watch Tower
34:56 Watch Tower
34:57 Watch Tower
35:04 Watch Tower
35:05 Watch Tower
35:06 Watch Tower
35:07 Watch Tower
35:08 Watch Tower
36:58 Great Hall
37:02 Orc Burrow
37:04 Voodoo Lounge
40:36 Great Hall
41:31 Watch Tower
41:31 Watch Tower
41:32 Watch Tower
41:33 Watch Tower
41:33 Watch Tower
41:34 Watch Tower
41:35 Watch Tower
41:36 Watch Tower
43:37 Orc Burrow
46:27 Orc Burrow
46:27 Watch Tower
60:35 Tree of Life
63:29 Watch Tower
63:30 Watch Tower
63:31 Watch Tower
63:37 Watch Tower
63:37 Watch Tower
64:37 Watch Tower
64:37 Watch Tower
65:18 Watch Tower
65:40 Watch Tower
65:41 Watch Tower
65:57 Watch Tower
66:31 Watch Tower
66:49 Watch Tower
66:50 Watch Tower
66:53 Watch Tower
69:00 Watch Tower
69:01 Watch Tower
69:02 Watch Tower
69:03 Watch Tower
70:12 Watch Tower
70:14 Watch Tower
70:16 Watch Tower
70:17 Watch Tower
71:49 Tree of Life
72:21 Barracks
72:22 Barracks
72:25 Barracks
72:28 Barracks
73:25 Watch Tower
73:26 Watch Tower
73:27 Watch Tower
73:29 Watch Tower
74:13 Orc Burrow
74:14 War Mill
74:54 Altar of Elders
74:56 Tree of Ages
75:24 Watch Tower
75:26 Watch Tower
75:27 Watch Tower
75:27 Watch Tower
75:49 Barracks
76:29 Tree of Life
76:30 Tree of Life
76:59 Moon Well
77:01 Hunter's Hall
77:20 Tree of Eternity
77:21 Moon Well
77:27 Moon Well
77:27 Moon Well
77:34 Moon Well
78:44 Watch Tower
78:45 Watch Tower
81:04 Ancient of Lore
81:48 Ancient of Lore
81:51 Ancient of Lore
82:00 Ancient of Lore
82:01 Ancient of Lore
82:03 Ancient of Lore
82:07 Ancient of Lore
82:08 Ancient of Lore
82:08 Ancient of Lore
82:09 Ancient of Lore
82:10 Ancient of Lore
82:52 Ancient of Lore
82:56 Ancient of Lore
82:57 Ancient of Lore
84:15 Ancient of Wonders
84:50 Watch Tower
86:38 Watch Tower
86:38 Watch Tower
86:40 Watch Tower
86:40 Watch Tower
86:41 Watch Tower
86:42 Watch Tower
86:52 Watch Tower
86:53 Watch Tower
92:06 Watch Tower
92:07 Watch Tower
92:07 Watch Tower
92:08 Watch Tower
92:09 Watch Tower
92:09 Watch Tower
97:37 Watch Tower
97:38 Watch Tower
97:38 Watch Tower
108:54 Tauren Totem
112:33 Tauren Totem
112:35 Moon Well
112:42 Moon Well
114:26 Tauren Totem
114:26 Tauren Totem
114:27 Tauren Totem
114:27 Tauren Totem
114:29 Tauren Totem
114:30 Tauren Totem
114:47 Ancient of Wind
116:02 Tauren Totem
116:03 Tauren Totem
116:05 Tauren Totem
116:06 Tauren Totem
116:07 Tauren Totem
117:06 Chimaera Roost
117:08 Chimaera Roost
117:08 Chimaera Roost
117:09 Chimaera Roost
117:09 Chimaera Roost
117:10 Chimaera Roost
117:12 Chimaera Roost
117:13 Chimaera Roost
117:14 Chimaera Roost
117:14 Chimaera Roost
117:19 Chimaera Roost
117:20 Chimaera Roost
117:21 Chimaera Roost
119:30 Ancient of War
119:30 Ancient of War
119:31 Ancient of War
119:34 Ancient of War
119:38 Ancient of War
119:42 Ancient of War
119:43 Ancient of War
119:51 Ancient of War
119:52 Ancient of War
» items
| Lesser Clarity Potion | 3 | |
| Healing Salve | 3 | |
| Scroll of Speed | 1 | |
| Boots of Speed | 3 | |
| Staff of Teleportation | 1 | |
| Tiny Great Hall | 2 | |
| Orb of Lightning | 3 | |
| Periapt of Vitality | 4 | |
| Scroll of Town Portal | 1 | |
| Potion of Lesser Invulnerability | 4 | |
| Potion of Healing | 2 | |
| Potion of Mana | 1 | |
| Potion of Invisibility | 2 | |
30 total
Chat log
(07:51 / All) Boogaloo_Shrimp: wow lol
(08:02 / All) lightwell: well.. you did your base nice
(08:10 / All) lightwell: tried to get through the other side
(08:14 / All) Boogaloo_Shrimp: well...you let your hero die
(08:19 / All) Boogaloo_Shrimp: can't say anything complimentary really
(08:43 / All) lightwell: nah, you cant..
(08:56 / All) lightwell: its been 7 years since i played someone else...
(09:02 / All) Boogaloo_Shrimp: um
(09:03 / All) Boogaloo_Shrimp: shows?
(11:07 / All) lightwell: nice
(11:29 / All) Boogaloo_Shrimp: so its the old sit around and get gg units from one gold mine?
(11:51 / All) lightwell: sorta seemed like what you were doing actually
(12:02 / All) Boogaloo_Shrimp: one gold mine?
(12:13 / All) Boogaloo_Shrimp: why would i do that
(13:05 / All) lightwell: well, what can i say, im rusty
(13:13 / All) Boogaloo_Shrimp: its nothing to do with experience
(14:38 / All) lightwell: well.. timing is everything i suppose
(14:56 / All) Boogaloo_Shrimp: actually strategy is everything
(15:02 / All) lightwell: and i need to work on timing
(15:03 / All) Boogaloo_Shrimp: its a strategy game
(15:08 / All) Boogaloo_Shrimp: nothing to do with timing
(15:22 / All) lightwell: frankly im wondering why you havent wiped me out yet
(15:31 / All) Boogaloo_Shrimp: why bother/
(15:50 / All) Boogaloo_Shrimp: yooure gonna get mad and leave
(16:08 / All) lightwell: nah
(16:11 / All) Boogaloo_Shrimp: they always do
(16:20 / All) lightwell: you you dont lose you dont get better..
(16:34 / All) lightwell: im trying out different silly things
(16:40 / All) Boogaloo_Shrimp: if you dont think strategically youll never get better
(17:09 / All) lightwell: I made a few oversights at the begining of this game, so im just winging it and having fun
(17:20 / All) Boogaloo_Shrimp: no it wasnt oversights
(17:27 / All) Boogaloo_Shrimp: you have no concept of strategy
(18:25 / All) Boogaloo_Shrimp: Your guy died.
(18:36 / All) Boogaloo_Shrimp: hey i think you forgot to research something
(19:29 / All) Boogaloo_Shrimp: exp for me
(19:41 / All) Boogaloo_Shrimp: ty
(19:46 / All) lightwell: no prob
(20:04 / All) lightwell: so how come everyone picks the dark ranger, is she pretty good?
(20:06 / All) Boogaloo_Shrimp: did you think that one through?
(20:26 / All) Boogaloo_Shrimp: or just mass attack a blob at me?
(20:51 / All) lightwell: well, thought i would attack the towers with the chims, and hold off your flyers with mine
(21:00 / All) Boogaloo_Shrimp: my flyers suicide.
(21:26 / All) lightwell: didnt see em earier actually, thought you only had some wyverns
(21:34 / All) Boogaloo_Shrimp: you should read tooltips on buildings then...
(21:39 / All) Boogaloo_Shrimp: :\
(21:44 / All) lightwell: I know ><
(21:55 / All) lightwell: when i scouted.. did not think you had any
(22:08 / All) Boogaloo_Shrimp: why didnt you scout with a wisp
(22:10 / All) lightwell: why are you so grumpy?
(22:21 / All) Boogaloo_Shrimp: not grumpy just amused at how people cant grasp the basics
(22:53 / All) lightwell: i havent played since frozen throne came out...
(23:04 / All) Boogaloo_Shrimp: and you didnt consider checking things out before going online
(23:08 / All) Boogaloo_Shrimp: smart
(24:04 / All) lightwell: weell mr shrimp, i played the comp and bunch of times and the campain, I can always beat the comp, but playing the sdame way ag
(24:10 / All) Boogaloo_Shrimp: hey now
(24:12 / All) Boogaloo_Shrimp: dont show anger :)
(24:19 / All) lightwell: haha
(25:06 / All) lightwell: every nightelf player I have played against has done the massing chims thing- every single one.
(25:13 / All) lightwell: so i wanted to try it
(25:18 / All) Boogaloo_Shrimp: you said you havent played online
(25:20 / All) Boogaloo_Shrimp: ...
(25:24 / All) Boogaloo_Shrimp: why must you lie to me
(25:47 / All) lightwell: :(
(25:52 / All) Boogaloo_Shrimp: thats for lying
(26:14 / All) lightwell: I started today at 2 am! this is my 5th or 6th game
(26:28 / All) Boogaloo_Shrimp: honesty doesn't mean a thing to you does it
(27:28 / All) lightwell: what do successful NE players do against you?
(27:32 / All) Boogaloo_Shrimp: havent seen one
(27:41 / All) Boogaloo_Shrimp: people pick night elf so they can play without taking their hand off their dick
(27:48 / All) Boogaloo_Shrimp: there's a whole song about it
(27:52 / All) lightwell: haha
(28:03 / All) lightwell: er undead then?
(28:10 / All) Boogaloo_Shrimp: theyre worse
(28:27 / All) Boogaloo_Shrimp: never seen one single undead player scout
(28:29 / All) lightwell: so be a orc or dont bother playing?
(28:36 / All) Boogaloo_Shrimp: i prefer human actually
(29:01 / All) lightwell: so.. have about 10k gold now? 15?
(29:09 / All) Boogaloo_Shrimp: bout that
(29:33 / All) lightwell: 3 base expansions?
(29:35 / All) Boogaloo_Shrimp: 4
(31:09 / All) lightwell: dont the undead scout with the shapes though? you wouldnt see it..
(31:17 / All) Boogaloo_Shrimp: like late late game
(31:19 / All) Boogaloo_Shrimp: which is stupid
(32:15 / All) Boogaloo_Shrimp: bout time
(32:33 / All) Boogaloo_Shrimp: :)
(32:43 / All) lightwell: why are you leaving all the chests?...
(32:50 / All) Boogaloo_Shrimp: i got all the good stuff man
(33:03 / All) lightwell: well destroy them?
(33:12 / All) Boogaloo_Shrimp: i want you to feel like youre getting something out of this
(33:20 / All) lightwell: anyways, why the dark ranger?
(33:31 / All) Boogaloo_Shrimp: why not
(33:51 / All) lightwell: thought she was popular for some reason
(33:57 / All) Boogaloo_Shrimp: not really
(34:16 / All) Boogaloo_Shrimp: wont happen :)
(34:27 / All) lightwell: not with dryads.. :(
(34:34 / All) Boogaloo_Shrimp: you know you cant siege me
(34:41 / All) lightwell: really?
(34:50 / All) Boogaloo_Shrimp: yes really
(34:53 / All) lightwell: I dont have the range with ballistas?
(35:01 / All) Boogaloo_Shrimp: well you can try
(35:12 / All) Boogaloo_Shrimp: everyone does
(35:20 / All) lightwell: well i will.. should be fun
(35:25 / All) lightwell: sorta have too..
(35:32 / All) Boogaloo_Shrimp: you can always leave
(35:48 / All) lightwell: meh, im playing to have fun
(36:44 / All) Boogaloo_Shrimp: yoink
(37:51 / All) lightwell: so.. lets say i had a chance here, how would i win.. ballistas? mountian giants? (i know you can repair your losses easy
(38:08 / All) Boogaloo_Shrimp: you tell me
(38:12 / All) Boogaloo_Shrimp: whats the strategic goal
(38:27 / All) Boogaloo_Shrimp: the answer is not "unit type" and "unit type"
(38:27 / All) lightwell: .. to deny you base expansion...
(38:30 / All) lightwell: didnt happen
(38:38 / All) Boogaloo_Shrimp: so logically you should have scouted my likely expansions with wisps
(38:42 / All) Boogaloo_Shrimp: ok, what else?
(38:56 / All) Boogaloo_Shrimp: well you can hope for my wireless to drop :)
(39:08 / All) lightwell: do have scouts out to see when you expand and get your base early when its weak
(39:16 / All) lightwell: you got me well 3 times so far with that
(39:38 / All) Boogaloo_Shrimp: the problem is you had no units to start with
(39:43 / All) Boogaloo_Shrimp: you went with elf towers and elf towers suck
(40:08 / All) lightwell: tried the going straight to chims thing like the 2 other NE players
(40:28 / All) lightwell: wanted to see how well it works agianst someone else
(40:29 / All) Boogaloo_Shrimp: they did that with expansions because you sat back and allowed it
(40:39 / All) lightwell: actually no.
(40:42 / All) Boogaloo_Shrimp: yep
(40:43 / All) lightwell: they turtled
(40:49 / All) Boogaloo_Shrimp: you probably didnt see
(41:08 / All) lightwell: I usually get the Dh and 3 archers, which is my 20 food cap
(41:08 / All) Boogaloo_Shrimp: if they turtled and you had map control, there's no way they could afford to outmass you with chims
(41:14 / All) Boogaloo_Shrimp: 20 food cap?
(41:28 / All) Boogaloo_Shrimp: 3 units and a hero? seriously
(41:36 / All) lightwell: when i creep or attack a base withs with my dh and 3 archers
(41:48 / All) lightwell: well.. for the surprise attack early on
(41:51 / All) Boogaloo_Shrimp: you're still asking why you lost?
(41:55 / All) lightwell: you did it with just the blademaster
(41:58 / All) Boogaloo_Shrimp: no i harassed
(42:05 / All) Boogaloo_Shrimp: i wasnt going to destroy your entire base with him now was i?
(42:13 / All) lightwell: no
(42:18 / All) lightwell: I know why I lost here
(42:25 / All) Boogaloo_Shrimp: i dont think you do
(42:28 / All) Boogaloo_Shrimp: tbh
(43:07 / All) lightwell: meh
(43:09 / All) Boogaloo_Shrimp: lol
(43:14 / All) Boogaloo_Shrimp: bloodlusted robo goblins
(43:21 / All) Boogaloo_Shrimp: aw wait not organic
(43:24 / All) Boogaloo_Shrimp: that woulda been hilarious
(44:30 / All) Boogaloo_Shrimp: thought you were gonna siege
(44:33 / All) Boogaloo_Shrimp: youre getting distracted
(45:03 / All) Boogaloo_Shrimp: theres no gold left in that mine
(45:04 / All) Boogaloo_Shrimp: :\
(45:25 / All) lightwell: tower defense!
(45:36 / All) Boogaloo_Shrimp: id say its leavin time
(45:59 / All) lightwell: nah i got an ace up my sleeve
(46:04 / All) Boogaloo_Shrimp: plug?
(46:15 / All) lightwell: ?
(46:20 / All) Boogaloo_Shrimp: plug pull
(46:35 / All) Boogaloo_Shrimp: ancient chinese secret
(46:45 / All) lightwell: what is a plug pull?
(46:50 / All) lightwell: seriosuly dont know
(46:53 / All) Boogaloo_Shrimp: you unplug your internet in frustration
(47:00 / All) Boogaloo_Shrimp: to tell yourself that you didnt leave
(47:03 / All) lightwell: im not an asshole..
(49:45 / All) lightwell: how long have you been playing?
(49:53 / All) Boogaloo_Shrimp: bout an hour
(49:58 / All) lightwell: ><
(51:57 / All) lightwell: question
(52:02 / All) Boogaloo_Shrimp: answer maybe
(52:37 / All) lightwell: does the robo go suck and you are using him because why not? or is he good?
(52:44 / All) Boogaloo_Shrimp: none of them suck
(52:51 / All) Boogaloo_Shrimp: and none of them are instantly awesome
(52:57 / All) lightwell: well no
(53:01 / All) lightwell: pit lord sorta sucks
(53:04 / All) Boogaloo_Shrimp: hmm
(53:13 / All) Boogaloo_Shrimp: actually he's easily the best hero in the game if used right
(53:28 / All) lightwell: how so?
(53:28 / All) Boogaloo_Shrimp: just not my playstyle
(53:32 / All) Boogaloo_Shrimp: howl
(53:33 / All) lightwell: never had success
(53:38 / All) lightwell: ah
(54:30 / All) Boogaloo_Shrimp: whats the tower for
(54:41 / All) lightwell: you tell me
(54:47 / All) Boogaloo_Shrimp: this one
(55:17 / All) lightwell: dunno
(56:34 / All) lightwell: ...
(56:55 / All) lightwell: my secret chim stash!
(57:16 / All) lightwell: haha
(57:33 / All) Boogaloo_Shrimp: howd he die
(57:47 / All) lightwell: dont remember
(57:53 / All) lightwell: last time you killed him
(57:54 / All) Boogaloo_Shrimp: damn you almost denied him
(58:47 / All) Boogaloo_Shrimp: finally
(60:16 / All) lightwell: why why humans over orcs for you?
(60:21 / All) lightwell: so why*
(60:23 / All) Boogaloo_Shrimp: more intelligent
(60:58 / All) lightwell: so why the orcs today then?
(61:06 / All) Boogaloo_Shrimp: dont play just one race tbh
(61:32 / All) lightwell: sorta seemed like you dislike NE and UD
(63:37 / All) lightwell: no gold there?
(63:40 / All) Boogaloo_Shrimp: none
(63:41 / All) lightwell: guess so
(64:00 / All) lightwell: hm
(64:08 / All) lightwell: one on one which tower would win?
(64:15 / All) Boogaloo_Shrimp: orc towers ofc
(64:26 / All) Boogaloo_Shrimp: elf towers suck and theyre so expensive
(64:30 / All) lightwell: can you meet me with a peon only in the very middle?
(64:39 / All) Boogaloo_Shrimp: hm
(64:40 / All) Boogaloo_Shrimp: sure
(65:27 / All) lightwell: by the tavern
(65:32 / All) Boogaloo_Shrimp: dont worry i see ya
(65:45 / All) lightwell: im sure mr blademaster sees me
(65:53 / All) Boogaloo_Shrimp: no ive had the whole map warded
(66:16 / All) lightwell: okay on the count of 3, start building your tower
(66:22 / All) Boogaloo_Shrimp: well mine builds faster than yours
(66:23 / All) lightwell: 1
(66:27 / All) lightwell: 2
(66:30 / All) lightwell: 3
(66:41 / All) lightwell: the fortifed version?
(66:41 / All) Boogaloo_Shrimp: hmm maybe not
(67:32 / All) Boogaloo_Shrimp: same time
(67:43 / All) Boogaloo_Shrimp: ooh and he shot the peon
(67:51 / All) Boogaloo_Shrimp: thats death for him
(67:52 / All) lightwell: well... crud ;)
(68:20 / All) Boogaloo_Shrimp: see they shoot so slow
(68:27 / All) lightwell: more dmg
(68:35 / All) lightwell: really its the 2 less armor i think
(68:36 / All) Boogaloo_Shrimp: yeah but who cares about dmg per shot
(68:49 / All) lightwell: dps is probally the same
(68:50 / All) Boogaloo_Shrimp: id never use elf towers because they cost you a wisp
(68:54 / All) Boogaloo_Shrimp: prob
(68:57 / All) lightwell: they do
(69:06 / All) Boogaloo_Shrimp: yeah you dont get the wisp back..
(69:26 / All) lightwell: I like the UDs, because its already a farm.. costs alot of gold though
(69:34 / All) Boogaloo_Shrimp: yeah those suck too
(69:52 / All) Boogaloo_Shrimp: only use for them is the tiny amount you need for food
(70:09 / All) lightwell: want to play tower defense?
(70:19 / All) Boogaloo_Shrimp: kind of am :)
(70:23 / All) lightwell: i left a walk way
(70:39 / All) Boogaloo_Shrimp: hmm
(70:40 / All) Boogaloo_Shrimp: interesting
(70:49 / All) lightwell: use a tauren?
(70:51 / All) Boogaloo_Shrimp: all right im down
(70:56 / All) Boogaloo_Shrimp: too soon for tauren
(70:58 / All) Boogaloo_Shrimp: wave 1 will be grunts
(71:29 / All) lightwell: okay
(71:40 / All) lightwell: just get around the back side of the base to the other side
(71:49 / All) lightwell: so make a letter U
(72:26 / All) lightwell: haha
(72:46 / All) lightwell: your last wave could be mountian gaints if you start teching with my wisp
(72:51 / All) lightwell: haha
(72:52 / All) Boogaloo_Shrimp: thats my 2nd wisp
(72:52 / All) Boogaloo_Shrimp: i have a ne base in the corner
(73:14 / All) lightwell: in the northeast?
(73:18 / All) Boogaloo_Shrimp: southeast
(73:26 / All) lightwell: oh, so once you got bored
(73:35 / All) Boogaloo_Shrimp: shit man i live for this
(73:41 / All) lightwell: does it have any towers?
(73:48 / All) Boogaloo_Shrimp: bout 50
(73:55 / All) lightwell: I want to come by with a wisp..
(73:59 / All) lightwell: okay so no
(74:01 / All) Boogaloo_Shrimp: a wisp cant reach it
(74:23 / All) lightwell: eh, its the single last unit I have
(74:31 / All) lightwell: ne or orc towers?
(74:36 / All) Boogaloo_Shrimp: orc ofc
(74:46 / All) lightwell: well its an ne base..
(75:04 / All) lightwell: thought you might keep the theme
(75:18 / All) Boogaloo_Shrimp: ok wave 1 is coming
(75:24 / All) lightwell: ok
(75:51 / All) lightwell: 3 peons?
(75:54 / All) Boogaloo_Shrimp: nope
(75:59 / All) Boogaloo_Shrimp: 12 grunts
(76:10 / All) Boogaloo_Shrimp: hey
(76:11 / All) Boogaloo_Shrimp: blacked
(76:13 / All) Boogaloo_Shrimp: blocked
(76:16 / All) lightwell: sorry
(76:22 / All) lightwell: ill eat those trees and redo
(76:25 / All) lightwell: its that rock
(78:01 / All) lightwell: dam rock messed evrything up
(78:05 / All) Boogaloo_Shrimp: happens
(78:47 / All) lightwell: ready?
(78:51 / All) Boogaloo_Shrimp: yup
(78:58 / All) lightwell: okay go
(80:05 / All) Boogaloo_Shrimp: ez
(80:09 / All) lightwell: :( stupid ne towers
(80:11 / All) Boogaloo_Shrimp: i think we better make it 2 way
(80:18 / All) lightwell: how many made it?
(80:20 / All) Boogaloo_Shrimp: 6
(80:24 / All) Boogaloo_Shrimp: 4
(80:26 / All) Boogaloo_Shrimp: 3
(80:30 / All) Boogaloo_Shrimp: 0
(80:32 / All) lightwell: im going to move my towers around
(81:49 / All) lightwell: 12 grunts again alright?
(81:54 / All) Boogaloo_Shrimp: nope
(81:55 / All) Boogaloo_Shrimp: zerkers
(82:35 / All) Boogaloo_Shrimp: ready?
(82:40 / All) Boogaloo_Shrimp: nope
(82:57 / All) lightwell: brb! lawyer calling
(82:58 / All) lightwell: was in an accident yesterday'
(83:02 / All) Boogaloo_Shrimp: that sux
(83:07 / All) Boogaloo_Shrimp: dont tell him anything if hes not working for you
(85:23 / All) lightwell: 1 more min
(85:38 / All) Boogaloo_Shrimp: personally i wouldn't talk to him unless its your lawyer
(85:39 / All) Boogaloo_Shrimp: but up to uo
(86:24 / All) lightwell: back
(86:35 / All) lightwell: was rear ended yesterday by someone with no license
(86:43 / All) Boogaloo_Shrimp: that sucks
(86:46 / All) lightwell: sent my fiancee to the hospital
(86:48 / All) Boogaloo_Shrimp: damn
(87:01 / All) Boogaloo_Shrimp: had that happen to me in high school
(87:08 / All) lightwell: ambulance chaser lawyer just called
(87:08 / All) Boogaloo_Shrimp: ended up getting full blue book value for my car, and got to keep it
(87:18 / All) lightwell: nice
(87:24 / All) lightwell: totalled though tecvhnically?
(87:29 / All) Boogaloo_Shrimp: yep
(87:34 / All) Boogaloo_Shrimp: fixed it up nice
(88:19 / All) Boogaloo_Shrimp: im making a maze tester for you
(88:48 / All) Boogaloo_Shrimp: you should prob entangle that mine
(88:58 / All) lightwell: yea I should
(89:08 / All) lightwell: lawyer called though and tower defense is fun
(89:14 / All) Boogaloo_Shrimp: tru
(89:38 / All) Boogaloo_Shrimp: you need to block off the path to the right of your shop
(89:54 / All) lightwell: hmm
(90:54 / All) Boogaloo_Shrimp: you should start mining
(90:59 / All) Boogaloo_Shrimp: i wont bother him
(91:08 / All) lightwell: i was trying to clear the trees but it wont fit
(91:15 / All) lightwell: awww
(91:20 / All) Boogaloo_Shrimp: my tinker is bored
(91:26 / All) Boogaloo_Shrimp: ruh roh
(92:02 / All) Boogaloo_Shrimp: damn i love tinkers
(93:24 / All) Boogaloo_Shrimp: make 4 wisps
(93:26 / All) lightwell: done
(93:27 / All) Boogaloo_Shrimp: and mine young man
(93:39 / All) lightwell: i need to mine more first
(94:23 / All) Boogaloo_Shrimp: round 2 is ready
(94:31 / All) lightwell: im ready
(94:45 / All) Boogaloo_Shrimp: 12 bloodlusted headhunters
(95:27 / All) Boogaloo_Shrimp: blocked
(95:30 / All) lightwell: pathing?
(95:34 / All) Boogaloo_Shrimp: yup
(95:38 / All) lightwell: by what?
(95:41 / All) Boogaloo_Shrimp: that tower i attacked
(95:42 / All) lightwell: dam
(95:46 / All) lightwell: oh
(95:55 / All) lightwell: so i dont need to move anything?
(95:59 / All) Boogaloo_Shrimp: you do
(96:02 / All) Boogaloo_Shrimp: the tower i attacked
(96:04 / All) Boogaloo_Shrimp: the one at half hp
(96:20 / All) Boogaloo_Shrimp: also make more wisps
(96:22 / All) Boogaloo_Shrimp: lol
(97:13 / All) Boogaloo_Shrimp: ill test pathing with my tink
(97:18 / All) Boogaloo_Shrimp: tell me when ready
(97:19 / All) lightwell: ok
(97:24 / All) lightwell: ready
(97:26 / All) lightwell: er wait
(97:31 / All) lightwell: 1 more moving
(97:52 / All) lightwell: ok
(98:17 / All) Boogaloo_Shrimp: yep its good now
(98:27 / All) Boogaloo_Shrimp: er
(98:29 / All) Boogaloo_Shrimp: except he end
(98:29 / All) lightwell: ill move him
(98:35 / All) Boogaloo_Shrimp: blargh
(98:53 / All) Boogaloo_Shrimp: set?
(98:59 / All) lightwell: huh
(99:01 / All) Boogaloo_Shrimp: ready?
(99:09 / All) lightwell: didnt know berserkers had such good stats
(99:10 / All) lightwell: yea
(99:17 / All) Boogaloo_Shrimp: yeah theyre pretty beefy
(99:57 / All) Boogaloo_Shrimp: well not that beefy
(99:58 / All) Boogaloo_Shrimp: lol
(100:11 / All) Boogaloo_Shrimp: round 4 ready
(100:14 / All) lightwell: low hp is their only bad stat it looks like
(100:15 / All) Boogaloo_Shrimp: er
(100:15 / All) Boogaloo_Shrimp: 3
(100:17 / All) lightwell: go
(100:25 / All) Boogaloo_Shrimp: 12 druids of the claw
(100:32 / All) Boogaloo_Shrimp: in furfag form
(100:39 / All) lightwell: thats really beefy
(100:47 / All) lightwell: i might need to make more towers
(101:03 / All) lightwell: pathing?>
(101:07 / All) Boogaloo_Shrimp: not really
(101:13 / All) Boogaloo_Shrimp: cant make them go in a blob anyway
(101:17 / All) Boogaloo_Shrimp: that wouldnt be fair
(101:23 / All) Boogaloo_Shrimp: round 4 will be raiders
(101:28 / All) lightwell: ok
(101:30 / All) lightwell: er
(101:32 / All) Boogaloo_Shrimp: medium armor, 7 points
(101:34 / All) lightwell: thats really killable
(101:36 / All) Boogaloo_Shrimp: should work
(101:38 / All) lightwell: low hp
(101:41 / All) Boogaloo_Shrimp: and theyre fast
(101:46 / All) Boogaloo_Shrimp: raiders are pretty tough against towers
(102:00 / All) lightwell: well when they get to attack them yea...
(102:01 / All) Boogaloo_Shrimp: these might leave
(102:05 / All) Boogaloo_Shrimp: *leak
(102:08 / All) Boogaloo_Shrimp: ready?
(102:12 / All) lightwell: yes
(102:38 / All) lightwell: aw
(102:50 / All) Boogaloo_Shrimp: PHOTO FINISH
(102:57 / All) lightwell: arg
(103:01 / All) Boogaloo_Shrimp: 2 lives lost
(103:07 / All) Boogaloo_Shrimp: you still got 18
(103:37 / All) Boogaloo_Shrimp: you know what i just realized
(103:41 / All) Boogaloo_Shrimp: our tower vs tower battle
(103:42 / All) lightwell: what?
(103:46 / All) Boogaloo_Shrimp: you never upgraded tower armor
(103:58 / All) lightwell: oh dam i didnt!
(104:12 / All) Boogaloo_Shrimp: ok round 4
(104:20 / All) Boogaloo_Shrimp: *5
(104:24 / All) Boogaloo_Shrimp: druids of the claw in bear form
(104:41 / All) Boogaloo_Shrimp: ----- WARNING: NEXT ROUND IS AN AIR ROUND -----
(105:28 / All) lightwell: go ahead ;)
(105:32 / All) Boogaloo_Shrimp: testing
(105:49 / All) lightwell: no?
(105:52 / All) Boogaloo_Shrimp: no its ok
(105:55 / All) Boogaloo_Shrimp: i just needed that ward
(105:59 / All) lightwell: ok
(106:22 / All) Boogaloo_Shrimp: round 5
(106:31 / All) Boogaloo_Shrimp: 12 master bears in cuddly form
(106:34 / All) Boogaloo_Shrimp: ready?
(106:36 / All) lightwell: got it
(106:40 / All) lightwell: ready
(107:03 / All) Boogaloo_Shrimp: uh oh
(107:18 / All) Boogaloo_Shrimp: whoa
(107:21 / All) Boogaloo_Shrimp: maze got longer
(107:30 / All) lightwell: NO
(107:36 / All) Boogaloo_Shrimp: 9 hp
(107:40 / All) Boogaloo_Shrimp: 3 lives down :)
(107:42 / All) lightwell: ARG
(107:52 / All) Boogaloo_Shrimp: CHARGE
(108:05 / All) Boogaloo_Shrimp: level 6 air wave
(108:08 / All) Boogaloo_Shrimp: should be easy lol
(108:14 / All) lightwell: sure
(108:33 / All) Boogaloo_Shrimp: AIR RAPD
(108:44 / All) lightwell: GOGOGO
(108:45 / All) Boogaloo_Shrimp: well tht was easy
(109:01 / All) lightwell: i missed it...
(109:04 / All) Boogaloo_Shrimp: oh
(109:06 / All) Boogaloo_Shrimp: yeah it was fast
(109:10 / All) Boogaloo_Shrimp: but they got reamed
(109:11 / All) Boogaloo_Shrimp: 12 bat
(109:15 / All) lightwell: oh
(109:17 / All) lightwell: nice
(109:22 / All) Boogaloo_Shrimp: next round will be kodos
(109:32 / All) lightwell: at least these are good for something
(109:37 / All) Boogaloo_Shrimp: they have a lot of hp but i dont expect much
(109:41 / All) lightwell: upgrade wardrums?
(109:50 / All) Boogaloo_Shrimp: naw
(109:56 / All) lightwell: they are too slow...
(110:00 / All) Boogaloo_Shrimp: here kill off my tinker
(110:02 / All) Boogaloo_Shrimp: need the food
(110:09 / All) lightwell: ok
(110:17 / All) lightwell: run him all the way through
(110:21 / All) lightwell: see if he lives
(110:22 / All) Boogaloo_Shrimp: naw
(110:27 / All) Boogaloo_Shrimp: giving your dh a level
(110:30 / All) lightwell: oh
(110:40 / All) Boogaloo_Shrimp: round 7
(110:41 / All) Boogaloo_Shrimp: 12 kodos
(111:08 / All) Boogaloo_Shrimp: ready?
(111:13 / All) lightwell: ready
(111:22 / All) Boogaloo_Shrimp: you dont need immolation
(111:23 / All) Boogaloo_Shrimp: lol
(111:26 / All) lightwell: ?
(111:35 / All) lightwell: oh
(111:39 / All) lightwell: my wisps ;)
(111:39 / All) Boogaloo_Shrimp: ook
(111:41 / All) Boogaloo_Shrimp: ready
(111:50 / All) lightwell: haha ready
(111:51 / All) Boogaloo_Shrimp: hey no peeking
(112:18 / All) Boogaloo_Shrimp: fat kodos
(112:22 / All) Boogaloo_Shrimp: wont make it
(112:25 / All) Boogaloo_Shrimp: ez round
(112:31 / All) lightwell: woo
(113:21 / All) Boogaloo_Shrimp: i just realized a much better way to check pathing
(113:24 / All) Boogaloo_Shrimp: im a dumbass lol
(113:36 / All) Boogaloo_Shrimp: round 8
(113:36 / All) lightwell: oh
(113:37 / All) Boogaloo_Shrimp: air again
(113:39 / All) lightwell: it is?
(113:45 / All) lightwell: ready
(113:47 / All) Boogaloo_Shrimp: (spirit walker)
(113:49 / All) Boogaloo_Shrimp: here goes
(113:52 / All) lightwell: hahahaha
(113:59 / All) Boogaloo_Shrimp: GO WYVS
(114:19 / All) lightwell: YES
(114:20 / All) Boogaloo_Shrimp: D E S T R O Y E D
(114:44 / All) lightwell: my hero doesnt level at all from this?
(114:49 / All) Boogaloo_Shrimp: nope
(114:53 / All) Boogaloo_Shrimp: tower kills dont give exp
(114:57 / All) lightwell: must be because buildings are doing it
(115:01 / All) lightwell: yep
(115:05 / All) lightwell: that stinks ;)
(115:25 / All) Boogaloo_Shrimp: hmm next round...
(115:32 / All) Boogaloo_Shrimp: spirit linked grunts?
(115:40 / All) lightwell: sure
(115:46 / All) lightwell: i dont think they will make it
(115:51 / All) Boogaloo_Shrimp: true
(115:55 / All) lightwell: do you have enough food for that?
(115:58 / All) Boogaloo_Shrimp: oh sure
(116:16 / All) Boogaloo_Shrimp: too soon for tauren or mountain giants
(116:26 / All) Boogaloo_Shrimp: 24 dryads
(116:28 / All) Boogaloo_Shrimp: thatll work
(116:30 / All) Boogaloo_Shrimp: gimme a min
(116:35 / All) lightwell: ok
(117:06 / All) lightwell: oh noes!
(117:16 / All) Boogaloo_Shrimp: erm
(117:24 / All) lightwell: ?
(117:33 / All) Boogaloo_Shrimp: you were about to drop
(117:42 / All) lightwell: sorry about that
(118:09 / All) Boogaloo_Shrimp: you know archers might actually do pretty well
(118:13 / All) Boogaloo_Shrimp: anyway
(118:15 / All) Boogaloo_Shrimp: 24 dryads
(118:18 / All) Boogaloo_Shrimp: shouldnt have a chance
(118:24 / All) Boogaloo_Shrimp: ready?
(118:28 / All) lightwell: ready
(119:13 / All) lightwell: even with that little blunder earlier I dont think they would make it
(119:22 / All) Boogaloo_Shrimp: archers?
(119:28 / All) lightwell: sure
(119:36 / All) Boogaloo_Shrimp: elune's grace
(120:03 / All) Boogaloo_Shrimp: ok
(120:04 / All) Boogaloo_Shrimp: round 8
(120:06 / All) Boogaloo_Shrimp: TAUREN
(120:18 / All) lightwell: YES GOGOGOGO
(120:53 / All) Boogaloo_Shrimp: FOR THE HORDE!
(120:57 / All) Boogaloo_Shrimp: ready?
(121:02 / All) lightwell: READy
(121:59 / All) lightwell: YES
(122:02 / All) Boogaloo_Shrimp: dizzam
(122:19 / All) lightwell: can anything get through?
(122:20 / All) Boogaloo_Shrimp: ok next round
(122:20 / All) Boogaloo_Shrimp: air
(122:25 / All) Boogaloo_Shrimp: chimeras
(122:33 / All) lightwell: they are toast
(122:55 / All) Boogaloo_Shrimp: yeah the maze is getting too big
(123:05 / All) lightwell: sorry
(123:11 / All) Boogaloo_Shrimp: haha
(123:14 / All) Boogaloo_Shrimp: oh shit
(123:16 / All) Boogaloo_Shrimp: im outta old
(123:17 / All) Boogaloo_Shrimp: gold
(123:21 / All) Boogaloo_Shrimp: 666 left
(123:27 / All) lightwell: dun dun dun!
(123:31 / All) lightwell: last wave then?
(123:33 / All) Boogaloo_Shrimp: no mountain giants
(123:34 / All) Boogaloo_Shrimp: :(
(123:38 / All) lightwell: :(
(123:56 / All) Boogaloo_Shrimp: i think the chimeras might revolt
(124:03 / All) lightwell: ...
(124:08 / All) lightwell: they might...
(124:12 / All) Boogaloo_Shrimp: CHARGE
(124:30 / All) lightwell: oh noes!
(124:52 / All) Boogaloo_Shrimp: WILL SOMEONE THINK OF THE CHILDREN
(125:17 / All) Boogaloo_Shrimp: funny thing is if you put an orb on your hero you win
(125:50 / All) lightwell: I was just thinking a single dryad or hippogrpyh would do it too
(126:08 / All) Boogaloo_Shrimp: naw i got a robo tinker
(126:25 / All) lightwell: rush me with him ;)
(126:42 / All) Boogaloo_Shrimp: damn hes leveling up
(126:46 / All) Boogaloo_Shrimp: ok final round
(126:50 / All) lightwell: sould have had a secret army back here ;)
(126:56 / All) Boogaloo_Shrimp: goblin tinker in robot form
(126:59 / All) Boogaloo_Shrimp: oh dont worry i have a perch
(127:02 / All) Boogaloo_Shrimp: i cant lose :)
(127:28 / All) Boogaloo_Shrimp: GOGOGO TINKER
(127:37 / All) Boogaloo_Shrimp: wait lemme sell something
(127:40 / All) Boogaloo_Shrimp: so i can bring him back :)
(127:43 / All) lightwell: ok
(127:53 / All) Boogaloo_Shrimp: CHARGE
(128:09 / All) lightwell: hahahahaha
(128:20 / All) Boogaloo_Shrimp: noooooo
(128:29 / All) lightwell: so close!
(128:35 / All) Boogaloo_Shrimp: i coulda repaired him too
(128:55 / All) Boogaloo_Shrimp: 1 gold left :)
(129:13 / All) Boogaloo_Shrimp: damn fuck my wireless
(129:39 / All) Boogaloo_Shrimp: is it just me or is chimera ai terrible
(129:42 / All) lightwell: my wireless too
(129:45 / All) lightwell: um...
(129:54 / All) lightwell: best high level flyer i think...
(130:00 / All) Boogaloo_Shrimp: yeah but their ai sucks
(130:06 / All) lightwell: oh yes
(130:14 / All) lightwell: most ne unit pathing suvcks
(130:20 / All) Boogaloo_Shrimp: oh noes
(130:34 / All) Boogaloo_Shrimp: they have 850 range and they always get near towers
(130:37 / All) Boogaloo_Shrimp: hey thats not nice
(130:42 / All) Boogaloo_Shrimp: HE LIVES
(131:00 / All) lightwell: he can kill em all cant he?
(131:03 / All) Boogaloo_Shrimp: sure
(131:12 / All) Boogaloo_Shrimp: hes a tinker
(131:15 / All) Boogaloo_Shrimp: watch those bitches drop
(131:25 / All) lightwell: my DH at level 10 lose 130 hp only when its 1 mountian giant and him one on one
(131:48 / All) lightwell: what does targeting the factory do?
(131:51 / All) Boogaloo_Shrimp: kills it
(131:56 / All) lightwell: ...
(131:57 / All) Boogaloo_Shrimp: so i cant make lil robots
(131:59 / All) Boogaloo_Shrimp: TRANSFORM
(133:08 / All) Boogaloo_Shrimp: WINNAR
(134:03 / All) Boogaloo_Shrimp: oh yeah hes dead
(134:13 / All) lightwell: you found my tree!
(134:14 / All) Boogaloo_Shrimp: heh
(134:17 / All) Boogaloo_Shrimp: where?
(134:27 / All) Boogaloo_Shrimp: oh that
(134:29 / All) Boogaloo_Shrimp: auto attacked
(134:35 / All) lightwell: awwww
(134:37 / All) Boogaloo_Shrimp: wanna know where mine is?
(134:42 / All) lightwell: all i got left
(134:46 / All) lightwell: sure
(134:51 / All) Boogaloo_Shrimp: mine is the very bot right corner of the map
(134:55 / All) Boogaloo_Shrimp: bout 50 towers around it
(135:05 / All) Boogaloo_Shrimp: thats a perch :)
(135:07 / All) lightwell: heh
(135:14 / All) lightwell: ah
(135:26 / All) Boogaloo_Shrimp: highper.ch/aoh
(135:26 / All) lightwell: add to friends list?
(135:30 / All) Boogaloo_Shrimp: its a pretty good guide
(135:43 / All) Boogaloo_Shrimp: hmm sure, never know when we'll find something to screw around with
(136:21 / All) lightwell: want to play another real game?
(136:30 / All) Boogaloo_Shrimp: not really im kinda wc'd out
(136:36 / All) lightwell: okay then
(136:38 / All) Boogaloo_Shrimp: just in your games, dont towerwhen you start
(136:43 / All) Boogaloo_Shrimp: not if you're elf
(136:51 / All) lightwell: ok
(137:03 / All) Boogaloo_Shrimp: if you like that kind of playstyle go with orc and use the kodos_forsaken builds
(137:13 / All) Boogaloo_Shrimp: i.e. altar, burrow, war mill, and shop
(137:24 / All) lightwell: straight for the shop?
(137:29 / All) Boogaloo_Shrimp: actually
(137:30 / All) Boogaloo_Shrimp: altar first
(137:39 / All) Boogaloo_Shrimp: and start the shop before the altar finishes
(137:52 / All) lightwell: ok
(137:56 / All) Boogaloo_Shrimp: if you look at this replay
(137:57 / All) lightwell: ill look into it
(138:00 / All) Boogaloo_Shrimp: i used that build order
(138:15 / All) Boogaloo_Shrimp: its agood way to rush into wyverns
(138:21 / All) Boogaloo_Shrimp: but opponents call you a dick :)
(138:31 / All) lightwell: my usual playstyle is a balanced unit build, nothing funky, i want to try new things
(138:36 / All) Boogaloo_Shrimp: yeah
(138:43 / All) Boogaloo_Shrimp: i get bored with tier 1 builds so easy
(138:46 / All) Boogaloo_Shrimp: i almost never do
(138:57 / All) lightwell: well kill me off then
(139:03 / All) Boogaloo_Shrimp: i think the only time i make footmen is if i want to rush a level 3 paladin vs undead
(139:09 / All) Boogaloo_Shrimp: just so i can piss them off
(139:13 / All) lightwell: oh haha
(139:25 / All) Boogaloo_Shrimp: run into their base and holy lght all the acolytes
(139:30 / All) Boogaloo_Shrimp: and use shield when they t
(139:31 / All) Boogaloo_Shrimp: p
(139:34 / All) lightwell: hahahaha!
(139:38 / All) lightwell: that seems so evil
(139:56 / All) Boogaloo_Shrimp: yeah if they dont quit i just mass expand and tower while they get mad
(140:17 / All) Boogaloo_Shrimp: then something obnoxious like mass gyro
(140:20 / All) lightwell: i always heard palis suck for starting off, but not vs ud huh...
(140:26 / All) Boogaloo_Shrimp: hm
(140:33 / All) Boogaloo_Shrimp: it can
(140:39 / All) lightwell: masssteam tanks or is that stupid>?
(140:40 / All) Boogaloo_Shrimp: dk/fiend is retardedly imbalanced
(140:46 / All) Boogaloo_Shrimp: oh no tanks are never stupid
(140:50 / All) Boogaloo_Shrimp: undead has no counter
(140:56 / All) Boogaloo_Shrimp: but you gotta have a better economy
(141:18 / All) lightwell: just abombs can counter tanks i guess
(141:19 / All) Boogaloo_Shrimp: cant just turtle until tier 3 and make tanks
(141:21 / All) Boogaloo_Shrimp: sorta
(141:23 / All) Boogaloo_Shrimp: not well
(141:30 / All) lightwell: best they got
(141:36 / All) Boogaloo_Shrimp: i usually only use tanks with paladin/archmage
(141:42 / All) Boogaloo_Shrimp: and thats if the game goes long enough for mass tp
(142:01 / All) lightwell: constant hit and runs with tanks?
(142:06 / All) Boogaloo_Shrimp: crypt fiends are the most imbalanced unit and theyre so easy to use
(142:16 / All) Boogaloo_Shrimp: tp to an invulnerable paladin with 24 tanks :)
(142:26 / All) Boogaloo_Shrimp: nothing they can do really
(142:42 / All) Boogaloo_Shrimp: but mostly i prefer just archmage bloodmage
(142:45 / All) Boogaloo_Shrimp: and attempt a perch
(142:54 / All) Boogaloo_Shrimp: if the map has one
(142:57 / All) lightwell: an unbeatable tower area?
(143:00 / All) Boogaloo_Shrimp: pretty much
(143:06 / All) Boogaloo_Shrimp: with terrain that cant be reached by siege
(143:25 / All) Boogaloo_Shrimp: its more to anger than win but it wins too :D
(143:30 / All) lightwell: I didnt think you could perch on this map
(143:41 / All) Boogaloo_Shrimp: its tricky but doable
(143:54 / All) Boogaloo_Shrimp: just have to take out zepplins
(143:57 / All) lightwell: ah i see
(144:06 / All) lightwell: that one spot to land down there
(144:28 / All) Boogaloo_Shrimp: ive done it before, just leave room for mages to get in front of towers
(144:38 / All) Boogaloo_Shrimp: then if they manage to land siege, blizz/flame
(144:48 / All) lightwell: haha
(144:53 / All) lightwell: i hate flame...
(145:10 / All) Boogaloo_Shrimp: a really smart opponent will just hoard all the gold mines and mass air suicidally
(145:12 / All) Boogaloo_Shrimp: but no one ever does that
(145:23 / All) lightwell: I would
(145:29 / All) lightwell: about the one thing i do well...
(145:35 / All) Boogaloo_Shrimp: 100 food garg/frost or chim/talon is about the only option
(145:41 / All) Boogaloo_Shrimp: but no one ever kills off their own hero and workers
(145:58 / All) Boogaloo_Shrimp: most elves lack the patience to do anything but run around with a dh and some hunts really
(146:07 / All) lightwell: could try to land the hero with a zep?
(146:14 / All) Boogaloo_Shrimp: yeah but then hes dead
(146:21 / All) lightwell: well im going to try other races
(146:30 / All) Boogaloo_Shrimp: hu is the most fun by far
(146:38 / All) lightwell: it seems like all i can do is mass chims or dryads
(146:43 / All) Boogaloo_Shrimp: invisible mortar
(146:46 / All) Boogaloo_Shrimp: hands down most fun strat
(147:02 / All) lightwell: you seem good at pissing people off
(147:11 / All) Boogaloo_Shrimp: is there another point to this game? :)
(147:18 / All) lightwell: no not really
(147:29 / All) lightwell: well kill me off im going to go est
(147:32 / All) lightwell: eat
(147:36 / All) Boogaloo_Shrimp: all right
(147:42 / All) lightwell: later
(147:52 / All) Boogaloo_Shrimp: oh wait thats my shop
(147:53 / All) Boogaloo_Shrimp: lol
(147:56 / All) Boogaloo_Shrimp: peace